 Dungeon Crawl Stone Soup version 0.25-a0-413-g3b4b6a4ccc (webtiles) character file.

Game seed: 13969524322265076544, levelgen mode: deterministic

924 Borgoz the Skirmisher (level 8, -5/51 HPs)
             Began as a Gargoyle Berserker on Jan 15, 2020.
             Was a Priest of Trog.
             Killed by divine providence
             ... invoked by an orc priest
              (15 damage)
             ... on level 5 of the Dungeon.
             The game lasted 00:06:40 (3552 turns).

Borgoz the Skirmisher (Gargoyle Berserker)          Turns: 3552, Time: 00:06:41

Health: -5/51      AC: 13    Str: 24    XL:     8   Next: 10%
Magic:  8/8        EV: 12    Int:  7    God:    Trog [***...]
Gold:   190        SH:  0    Dex: 14    Spells: 7/7 levels left

rFire    . . .     SeeInvis .   i - +0 flail
rCold    . . .     Gourm    .   (no shield)
rNeg     + . .     Faith    .   s - +0 scale mail
rPois    ∞         Spirit   .   (no helmet)
rElec    +         Reflect  .   (no cloak)
rCorr    .         Harm     .   (no gloves)
MR       ++...                  (no boots)
Stlth    ..........             (no amulet)
HPRegen  1.17/turn              h - +5 ring of dexterity
MPRegen  0.11/turn              (no ring)

@: flying, regenerating, slowed, very slow
A: negative energy resistance 1, electricity resistance, unbreathing,
petrification resistance, rot immunity, AC +5
a: Berserk, Trog's Hand, Renounce Religion


You were on level 5 of the Dungeon.
You worshipped Trog.
Trog was most pleased with you.
You were hungry.

You visited 1 branch of the dungeon, and saw 5 of its levels.

You collected 190 gold pieces.

Inventory:

Hand Weapons
 i - a +0 flail (weapon)
Armour
 s - a +0 scale mail (worn)
Jewellery
 h - a +5 ring of dexterity (left hand)
Scrolls
 b - a scroll of enchant armour {unknown}
 e - a scroll of fear {unknown}
 f - 3 scrolls of remove curse
 g - a scroll of teleportation
 l - 2 scrolls of blinking
 o - a scroll of amnesia {unknown}
 p - a scroll of noise {unknown}
 r - a scroll of random uselessness {unknown}
 u - a scroll of identify
Potions
 a - a potion of invisibility
 d - a potion of haste
 j - 4 potions of might
 m - a potion of mutation {unknown}
 q - a potion of flight
 t - a potion of cancellation {unknown}
 v - a potion of brilliance {unknown}
Comestibles
 c - 9 rations


   Skills:
 + Level 5.9 Fighting
 + Level 5.3 Maces & Flails
 + Level 5.3 Armour
 + Level 4.0 Dodging


You had 7 spell levels left.
You didn't know any spells.
Your spell library was empty.

Dungeon Overview and Level Annotations

Branches:
Dungeon (5/15)
 Temple: D:4-7

Altars:
Ashenzari
Dithmenos
Fedhas
Hepliaklqana
Kikubaaqudgha
Okawaru
Qazlal
Uskayaw
Vehumet
Wu Jian
The Shining One


Innate Abilities, Weirdness & Mutations

You are resistant to torment.
Your stone body is resilient. (AC +5)
You are immune to poison.
You resist negative energy. (rN+)
You are resistant to electric shocks. (rElec)
You can survive without breathing.
You are immune to petrification.
You are immune to rotting.


Message History

You are feeling hungry.
The orc priest misses you.
The orc wizard gestures at you while chanting.
The magic dart hits you but does no damage.
The orc priest invokes the aid of Beogh against you.
Beogh smites you!
* * * LOW HITPOINT WARNING * * *
The orc barely misses you. The orc priest barely misses you.
The orc wizard closely misses you.
It was a potion of flight.
You feel very buoyant.
You fly up into the air.
The orc wizard hits you but does no damage.
The orc priest miscasts a cantrip.
The orc barely misses you. The orc priest hits you with a +0 club.
* * * LOW HITPOINT WARNING * * *
The orc wizard hits you but does no damage.
The orc priest mumbles some strange prayers to Beogh against you.
Beogh smites you!
You die...

#...#######...#.#
#...#.$#..#...#.#
#...#..#..#...#.#
#......#......#.#
#......#.o....#.#
#.....Oo......#.#
#.............#.#
#o#######.#
#oo@o.....#
###########


You could see 2 orc priests, an orc wizard and an orc.

Vanquished Creatures
  Sigmund (D:4)
  A phantom (D:4)
  An ogre (D:5)
  A centaur (D:5)
  A scorpion (D:5)
  A crimson imp (D:5)
  A hound (D:2)
  A jelly (D:5)
  2 orc priests (D:3)
  An orc wizard (D:3)
  A centaur skeleton (D:4)
  A worker ant (D:4)
  Terence (D:1)
  6 gnolls
  A howler monkey skeleton (D:4)
  5 adders
  A shadow imp (D:4)
  2 oozes (D:1)
  An adder skeleton (D:5)
  A worm (D:4)
  2 dart slugs
  2 leopard geckos
  7 orcs
  6 giant cockroaches
  5 goblins
  8 hobgoblins
  5 jackals
  5 quokkas (D:2)
  A ball python (D:3)
  6 bats
  3 frilled lizards
  9 kobolds
  7 rats
97 creatures vanquished.

Notes
Turn   | Place    | Note
-------+----------+-------------------------------------------
     0 | D:1      | Borgoz the Gargoyle Berserker began the quest for the Orb.
     0 | D:1      | Reached XP level 1. HP: 14/14 MP: 1/1
     7 | D:1      | Noticed a swamp worm
     7 | D:1      | Noticed a hog
     7 | D:1      | Noticed a black mamba
     7 | D:1      | Noticed a wyvern
    78 | D:1      | Reached XP level 2. HP: 2/19 MP: 2/2
   458 | D:1      | Reached XP level 3. HP: 23/23 MP: 3/3
   533 | D:1      | Reached ** piety under Trog
   773 | D:2      | Noticed Terence
   873 | D:1      | Killed Terence
   873 | D:1      | Reached XP level 4. HP: 22/29 MP: 4/4
  1130 | D:2      | Reached XP level 5. HP: 29/33 MP: 5/5
  1476 | D:2      | Found an ornate altar of the Wu Jian Council.
  1768 | D:3      | Reached XP level 6. HP: 39/39 MP: 6/6
  2138 | D:4      | Reached *** piety under Trog
  2389 | D:4      | Found a shadowy altar of Dithmenos.
  2542 | D:4      | Found a hide-covered altar of Uskayaw.
  2666 | D:4      | Noticed a phantom
  2687 | D:4      | Killed a phantom
  2687 | D:4      | Reached skill level 5 in Fighting
  2687 | D:4      | Reached XP level 7. HP: 43/44 MP: 7/7
  2810 | D:4      | Noticed Sigmund
  2818 | D:4      | Killed Sigmund
  3066 | D:5      | Entered Level 5 of the Dungeon
  3073 | D:5      | Reached skill level 5 in Maces & Flails
  3140 | D:5      | Found an iron altar of Okawaru.
  3140 | D:5      | Found a blossoming altar of Fedhas.
  3141 | D:5      | Found a stormy altar of Qazlal.
  3141 | D:5      | Found a radiant altar of Vehumet.
  3142 | D:5      | Found a shattered altar of Ashenzari.
  3142 | D:5      | Found an ancient bone altar of Kikubaaqudgha.
  3142 | D:5      | Found a glowing golden altar of the Shining One.
  3143 | D:5      | Found a hazy altar of Hepliaklqana.
  3208 | D:5      | Reached skill level 5 in Armour
  3489 | D:5      | Reached XP level 8. HP: 51/51 MP: 8/8
  3552 | D:5      | Killed from afar by an orc priest

Levels and vault maps discovered:
D:1:      onia_arrival_zoo_common, layout_rooms, lemuel_another_geyser
D:2:      wad_woods_tower, layout_basic, kennysheep_flooded_box, uniq_terence
D:3:      layout_rooms, patterned_corridor
D:4:      layout_loops_corners, grunt_dithmenos_smoke,
          eat_drink_and_be_merry_uskayaw, uniq_sigmund
D:5:      layout_basic, grunt_temple_overflow_open, first_ration, corexii_shack,
          kennysheep_generic_room_16

Skill      XL: |  1  2  3  4  5  6  7  8 |
---------------+-------------------------+-----
Dodging        | 2 3 4 |  4.0
Armour         | 3 4 5 |  5.3
Fighting       | 4 5 |  5.9
Maces & Flails | 4 5 |  5.3

Action                   |  1- 3 |  4- 6 |  7- 9 || total
-------------------------+-------+-------+-------++-------
Melee: Mace              |    88 |       |       ||    88
       Flail             |       |   172 |    57 ||   229
Throw: Throwing net      |     1 |       |     1 ||     2
Invok: Berserk           |     2 |     1 |       ||     3
       Trog's Hand       |       |       |     1 ||     1
  Use: Scroll            |       |     5 |       ||     5
       Potion            |       |       |     1 ||     1
 Stab: Sleeping          |       |     3 |       ||     3
  Eat: Chunk             |     1 |     7 |     3 ||    11
Armor: Animal skin       |    36 |    30 |       ||    66
       Ring mail         |       |     9 |       ||     9
       Scale mail        |       |    25 |    51 ||    76
Dodge: Dodged            |    62 |   103 |    60 ||   225

Table legend:
 A = Non-vault XP
 B = Vault XP
 C = Vault XP percentage of total XP
 D = Non-vault monster count
 E = Vault monster count
 F = Vault count percentage of total count
                 A         B        C        D         E       F
            +---------+---------+-------+---------+---------+-------
      Total |     913 |     408 |  30.9 |      88 |       9 |   9.3
            +---------+---------+-------+---------+---------+-------
        D:1 |      60 |      32 |  34.8 |      29 |       1 |   3.3
        D:2 |     101 |      37 |  26.8 |      14 |       6 |  30.0
        D:3 |     170 |       0 |   0.0 |      20 |       0 |   0.0
        D:4 |     316 |     223 |  41.4 |      15 |       1 |   6.2
        D:5 |     266 |     116 |  30.4 |      10 |       1 |   9.1
            +---------+---------+-------+---------+---------+-------
